 Dungeon Crawl Stone Soup version 0.22-a0-247-gbddf880 (webtiles) character file.

38 varam the Firebug (level 3, -4/19 HPs)
             Began as a Deep Elf Fire Elementalist on Feb 27, 2018.
             Slain by an ogre
             ... wielding a +0 giant club
              (23 damage)
             ... on level 2 of the Dungeon.
             The game lasted 00:08:52 (1437 turns).

varam the Firebug (Deep Elf Fire Elementalist)      Turns: 1437, Time: 00:08:53

Health: -4/19      AC:  2    Str:  5    XL:     3   Next: 25%
Magic:  4/9        EV: 13    Int: 20    God:
Gold:   37         SH:  0    Dex: 15    Spells: 2/8 levels left

rFire    . . .     SeeInvis .   o - +1 dagger (elec)
rCold    . . .     Gourm    .   (no shield)
rNeg     . . .     Faith    .   a - +0 robe
rPois    .         Spirit   .   (no helmet)
rElec    .         Reflect  .   (no cloak)
rCorr    .         Harm     .   (no gloves)
MR       .....                  (no boots)
Stlth    ++........             (no amulet)
HPRegen  0.06/turn              (no ring)
MPRegen  0.11/turn              (no ring)

@: no status effects
A: no striking features
a: no special abilities


You were on level 2 of the Dungeon.
You were not hungry.

You visited 1 branch of the dungeon, and saw 3 of its levels.

You collected 37 gold pieces.

Inventory:

Hand Weapons
 h - a +0 short sword
 o - a +1 dagger of electrocution (weapon)
Armour
 a - a +0 robe (worn)
Jewellery
 d - an uncursed amulet of magic regeneration {unknown}
 m - an uncursed amulet of the gourmand {unknown}
Scrolls
 e - 2 scrolls of remove curse {unknown}
 g - 4 scrolls of identify {unknown}
 j - a scroll of fog {unknown}
 n - 2 scrolls of teleportation {unknown}
Potions
 c - a potion of might {unknown}
 i - a potion of heal wounds {unknown}
 l - a potion of mutation {unknown}
Comestibles
 b - 8 rations
 f - 3 chunks of flesh


   Skills:
 - Level 2.4 Dodging
 - Level 2.4 Stealth
 + Level 3.0 Spellcasting
 + Level 2.5 Conjurations
 + Level 4.1 Fire Magic


You had 2 spell levels left.
You knew the following spells:

 Your Spells              Type           Power        Failure   Level  Hunger
a - Flame Tongue          Conj/Fire      ###..        3%          1    None
b - Throw Flame           Conj/Fire      ###...       5%          2    ##.....
c - Conjure Flame         Conj/Fire      ###.....     11%         3    ###....


Dungeon Overview and Level Annotations

Branches:
Dungeon (3/15)

Altars:
Ashenzari


Message History

Casting: Flame Tongue (safe; 3% risk of failure)
Confirm with . or Enter, or press ? or * to list all spells.
Aiming: Flame Tongue (safe; 3% risk of failure)
Press: ? - help, Shift-Dir - straight line, f/p - ogre
Aim: an ogre, wielding a giant club (moderately wounded)
The flame tongue hits the ogre.
The ogre appears unharmed.
The ogre is moderately wounded.
Casting: Flame Tongue (safe; 3% risk of failure)
Confirm with . or Enter, or press ? or * to list all spells.
Okay, then.
Casting: Flame Tongue (safe; 3% risk of failure)
Confirm with . or Enter, or press ? or * to list all spells.
Aiming: Flame Tongue (safe; 3% risk of failure)
Press: ? - help, Shift-Dir - straight line, f/p - ogre
Aim: an ogre, wielding a giant club (moderately wounded)
The flame tongue hits the ogre.
The ogre is heavily wounded.
The ogre hits you with a giant club!!
Ouch! That really hurt!
You die...

#..# #.# #.######.########
#..# #.# #.# #.# #..######.#
#.# #.#
#.........#####.######.#
#....####..............#
.............#.#########
##.............##
###.########..O############
#.#######....@>.........## ###
#............#########...###..
###########.## #.......# #.#
#...##### ##.# ##### #..# #.##
#<# #.#


You could see an ogre.

Vanquished Creatures
  2 dart slugs (D:1)
  A ball python (D:2)
  2 giant cockroaches (D:2)
  3 goblins
  A hobgoblin (D:1)
  6 jackals
  A quokka (D:2)
  5 bats
  A frilled lizard (D:1)
  7 kobolds
  5 rats
34 creatures vanquished.

Notes
Turn   | Place    | Note
-------+----------+-------------------------------------------
     0 | D:1      | varam the Deep Elf Fire Elementalist began the quest for the Orb.
     0 | D:1      | Reached XP level 1. HP: 10/10 MP: 6/6
   166 | D:1      | Reached XP level 2. HP: 14/15 MP: 1/8
   314 | D:1      | Learned a level 2 spell: Throw Flame
   330 | D:1      | Reached skill level 2 in Conjurations
   426 | D:1      | Found a shattered altar of Ashenzari.
   724 | D:3      | Reached skill level 4 in Fire Magic
   921 | D:2      | Reached XP level 3. HP: 19/19 MP: 6/9
  1139 | D:2      | Learned a level 3 spell: Conjure Flame
  1260 | D:2      | Noticed an ogre
  1437 | D:2      | Slain by an ogre

Vault maps used:
D:1:      minmay_arrival_stair_chambers, ashenzari_altar_1
D:2:      marbit_many_paths

Skill      XL: |  1  2 |
---------------+-------+-----
Conjurations   | 2 |  2.5
Fire Magic     | 4 |  4.1
Dodging        | |  2.4
Stealth        | |  2.4
Spellcasting   | |  3.0

Action                   || total
-------------------------++-------
Melee: Short sword       ||     4
       Dagger            ||     5
 Cast: Flame Tongue      ||    43
       Throw Flame       ||    13
       Conjure Flame     ||     1
 Stab: Sleeping          ||     1
  Eat: Chunk             ||     2
Armor: Robe              ||     3
Dodge: Dodged            ||    20

Table legend:
 A = Spawn XP
 B = Non-spawn XP
 C = Spawn XP percentage of total XP
 D = Spawn monster count
 E = Non-spawn monster count
 F = Spawn count percentage of total count
 G = Total turns spent on level
                    A         B        C        D         E        F      G
               +---------+---------+-------+---------+---------+-------+---------
         Total |       0 |      55 |   0.0 |       0 |      34 |   0.0 |  1437
               +---------+---------+-------+---------+---------+-------+---------
           D:1 |       0 |      35 |   0.0 |       0 |      22 |   0.0 |   843
           D:2 |       0 |      16 |   0.0 |       0 |      10 |   0.0 |   587
           D:3 |       0 |       4 |   0.0 |       0 |       2 |   0.0 |     7
               +---------+---------+-------+---------+---------+-------+---------
